 Seeded DCSS version 0.30-a0-920-g7493c07aab (webtiles) character file.

Game seed: 3125986916090331667 (custom seed)

114 Parcival the Covered (level 4, 41/41 HPs)
             Began as a Minotaur Fighter on Mar 21, 2023.
             Quit the game on level 2 of the Dungeon.
             The game lasted 00:03:20 (1419 turns).

Parcival the Covered (Minotaur Fighter)             Turns: 1419, Time: 00:03:21

Health: 41/41      AC:  7    Str: 26    XL:     4   Next: 67%
Magic:  3/3        EV:  9    Int:  5    God:
Gold:   93         SH:  4    Dex:  9    Spells: 3/3 levels left

rFire   . . .      SeeInvis .    e - +1 demon whip of Yfajaxe {speed, Str+3}
rCold   . . .      Faith    .    c - +0 buckler
rNeg    . . .      Spirit   .    b - +0 scale mail
rPois   .          Reflect  .    (helmet restricted)
rElec   .          Rampage  .    (no cloak)
rCorr   .                        (no gloves)
Will    .....                    (no boots) Stlth
                                 (no amulet)
HPRegen 0.26/turn                (no ring)
MPRegen 0.08/turn                (no ring)

@: no status effects
A: horns 2, retaliatory headbutt
a: no special abilities


You were on level 2 of the Dungeon.
You visited 1 branch of the dungeon, and saw 2 of its levels.

You collected 93 gold pieces.

Inventory:

Hand Weapons
 e - the +1 demon whip of Yfajaxe (weapon) {speed, Str+3}
   (You acquired it on level 1 of the Dungeon)

   Str:       It affects your strength (+3).
Armour
 b - a +0 scale mail (worn)
 c - a +0 buckler (worn)
Jewellery
 f - a +6 ring of strength
 j - an amulet of magic regeneration
Scrolls
 h - 4 scrolls of teleportation {unknown}
 n - a scroll of acquirement
Potions
 d - a potion of might
 g - 2 potions of heal wounds
 i - a potion of resistance {unknown}
 k - a potion of lignification
 m - a potion of degeneration {unknown}


   Skills:
 + Level 4.4 Fighting
 + Level 3.0(3.5) Axes
 + Level 2.4(3.2) Maces & Flails
 + Level 4.4 Armour
 + Level 0.1 Dodging
 + Level 0.1 Stealth
 + Level 4.2 Shields


You had 3 spell levels left.
You didn't know any spells.
Your spell library contained the following spells:

 Spells                   Type           Power      Damage    Failure   Level
 Sandblast                Erth           0%         2d4       83%         1
 Passwall                 Tmut/Erth      0%         N/A       93%         2
 Stone Arrow              Conj/Erth      0%         3d7       99%         3


Dungeon Overview and Level Annotations

Branches:
Dungeon (2/15)

Altars:


Innate Abilities, Weirdness & Mutations

You have a pair of horns on your head.
You reflexively headbutt those who attack you in melee.


Message History

You hit Natasha. You headbutt Natasha.
You kill Natasha!
Suddenly Natasha's spirit rises from her lifeless body.
The crimson imp disappears in a puff of smoke! x2
Your Maces & Flails skill increases to level 2!
You have reached level 4!
You feel stronger.
Unknown command.
You feel yourself speed up.
h - 4 scrolls labelled FUDEOQ PYUHOB (gained 1)
You see here a +0 robe.
g - 2 potions of heal wounds (gained 1)
n - a scroll of acquirement You see here a +0 robe.
You see here a +0 short sword.
Natasha, Servant of Life and Death comes into view.
She is carrying a wand of flame (10).
Natasha is nearby!
Natasha hisses angrily.
Natasha claws you.
You closely miss Natasha. Your headbutt misses Natasha.
You closely miss Natasha. Natasha barely misses you.
You hit Natasha.
Natasha is moderately wounded.
Natasha claws you.
You whack Natasha!
Natasha is almost dead.
You hit Natasha.
You kill Natasha!
Natasha screams in fury as she dies!
There is a stone staircase leading up here.
Done exploring.
Done exploring.
Done exploring.
Done exploring.
As you read the scroll labelled MUUZEL YSADD, it crumbles to dust.
It is a scroll of amnesia.
You feel forgetful for a moment.
As you read the scroll of identify, it crumbles to dust.
k - a potion of lignification Are you sure you want to abandon this character and quit the game? (Confirm with "yes".)

#.##.# #.# #...###.### ###.##.#
#.############.### #.# #
.......###..............# #.# #
.........#.###########).#####.###
#.##.###.#.# #..##....... #....#
#...# #..##.#####. ####.###.#.##
#..##.# #. #.......<######
#..##.# #. ###..........@#
#..##.# #. ######.##...####.#
#..##.#####. ......(###)## #.#
#..##....... ##########.#####.#
#..######..# #..........#
#..........#
#.##.###########)#######.##
#.##.............# #.#
#.################ #.# #.# #.#


There were no monsters in sight!

Vanquished Creatures
  Natasha (twice) (D:2)
  A gnoll (D:1)
  An adder (D:2)
  A worm (D:2)
  A dart slug (D:2)
  4 endoplasms
  A giant cockroach (D:2)
  2 hobgoblins
  8 kobolds
  2 quokkas (D:2)
  6 ball pythons
  2 bats (D:1)
  A frilled lizard (D:2)
  7 goblins
  2 rats (D:1)
41 creatures vanquished.

Notes
Turn   | Place    | Note
-------+----------+-------------------------------------------
     0 | D:1      | Parcival the Minotaur Fighter began the quest for the Orb.
     0 | D:1      | Reached XP level 1. HP: 19/19 MP: 0/0
    31 | D:1      | Identified a scroll of acquirement
    31 | D:1      | Acquired the +1 demon whip of Yfajaxe {speed, Str+3}
   199 | D:1      | Reached XP level 2. HP: 27/27 MP: 1/1
   503 | D:1      | Reached XP level 3. HP: 33/33 MP: 2/2
   862 | D:2      | Reached skill level 1 in Maces & Flails
  1257 | D:2      | Noticed Natasha
  1271 | D:2      | Killed Natasha
  1272 | D:2      | Reached XP level 4. HP: 38/41 MP: 3/3
  1348 | D:2      | Noticed Natasha
  1354 | D:2      | Killed Natasha
  1419 | D:2      | Quit the game

Illustrated notes

Levels and vault maps discovered:
D:1:      amcnicky_arrival_single_pillar, layout_loops_cross,
          hangedman_glass_garden
D:2:      layout_loops_ring, dk_vineyard_1, uniq_natasha

Skill      XL: |  1  2  3 |
---------------+----------+-----
Fighting       | 4 |  4.4
Armour         | 4 |  4.4
Shields        | 4 |  4.2
Axes           | 3 |  3.0
Maces & Flails | 2 |  2.4
Dodging        | |  0.1
Stealth        | |  0.1

Action                     |  1- 3 |  4- 6 || total
---------------------------+-------+-------++-------
  Melee: War axe           |    12 |       ||    12
         Demon whip        |    59 |     5 ||    64
         Headbutt          |     7 |       ||     7
    Use: Scroll            |     3 |     2 ||     5
 Armour: Scale mail        |    28 |       ||    28
  Dodge: Dodged            |    25 |     1 ||    26
  Block: Buckler           |    11 |       ||    11

Table legend: (Time is in decaauts)
 A = Elapsed time spent in this place.
 B = Non-inter-level travel time spent in this place.
 C = Inter-level travel time spent in this place.
 D = Time resting spent in this place.
 E = Time spent auto-exploring this place.
 F = Levels seen in this place.
 G = Mean time per level.
                   A        B        C        D        E       F      G
               +--------+--------+--------+--------+--------+-----+--------+
         Total |   1412 |   1370 |     42 |      0 |   1020 |   2 |  706.0 |
       Dungeon |   1412 |   1370 |     42 |      0 |   1020 |   2 |  706.0 |
               +--------+--------+--------+--------+--------+-----+--------+

Top non-repeatable levels by time:
     D:2: 775 daAuts
     D:1: 636 daAuts
